3AA
WESTWOOD SIXSHOOTERS @ SAN ANTONIO BC
06/23/2034
 
TOP OF THE 1ST
Westwood Sixshooters batting - Pitching for San Antonio BC : RHP Nate Randall
Pitching: RHP Nate Randall
Batting: RHB Wallace Bane 0-0: Ball
1-0: Foul Ball, location: 2F
1-1: Fly out, F8 (Flyball, 8LD)
Batting: RHB Shirai Yoshida 0-0: Ball
1-0: Ball
2-0: Ball
3-0: Called Strike
3-1: Ground out 4-3 (Groundball, 4M)
Batting: RHB Simone Catalani 0-0: Ball
1-0: Called Strike
1-1: Ground out U3 (Groundball, 34S)
Top of the 1st over - 0 runs, 0 hits, 0 errors, 0 left on base; Westwood 0 - San Antonio 0
BOTTOM OF THE 1ST
San Antonio BC batting - Pitching for Westwood Sixshooters : LHP Gilberto Blanca
Pitching: LHP Gilberto Blanca
Batting: RHB Alfonso Torres 0-0: Ball
1-0: Fly out, F3 (Line Drive, 3)
Batting: LHB Sidney Dollarhide 0-0: Ball
1-0: Swinging Strike
1-1: Ground out 2-3 (Groundball, 15S)
Batting: RHB Mike Howard 0-0: Ball
1-0: Ball
2-0: Foul Ball, location: 2F
2-1: Fly out, F7 (Flyball, 7S)
Bottom of the 1st over - 0 runs, 0 hits, 0 errors, 0 left on base; Westwood 0 - San Antonio 0
TOP OF THE 2ND
Westwood Sixshooters batting - Pitching for San Antonio BC : RHP Nate Randall
Batting: RHB Oki Hai 0-0: Foul Ball, location: 2F
0-1: Fly out, F9 (Flyball, 89D)
Batting: SHB Jin-yong Ch'oe 0-0: Ball
1-0: Ball
2-0: Ball
3-0: Base on Balls
Batting: RHB Cody Riddle 0-0: Grounds into double play, 5-4-3 (Groundball, 56)
Top of the 2nd over - 0 runs, 0 hits, 0 errors, 0 left on base; Westwood 0 - San Antonio 0
BOTTOM OF THE 2ND
San Antonio BC batting - Pitching for Westwood Sixshooters : LHP Gilberto Blanca
Batting: RHB Silverberry Mouhon 0-0: Ball
1-0: Foul Ball, location: 2F
1-1: SOLO HOME RUN (Flyball, 78XD), Distance : 420 ft
Batting: RHB José Salinas 0-0: Foul Ball, location: 2F
0-1: Ball
1-1: Ball
2-1: Foul Ball, location: 2F
2-2: Foul Ball, location: 2F
2-2: Fly out, F2 (Popup, 5SF)
Batting: RHB Chet Mathis 0-0: Called Strike
0-1: Called Strike
0-2: Ground out 6-3 (Groundball, 6D)
Batting: RHB Brodie Floyd 0-0: Called Strike
0-1: Ball
1-1: Ball
2-1: Ground out 2-3 (Groundball, 15S)
Bottom of the 2nd over - 1 run, 1 hit, 0 errors, 0 left on base; Westwood 0 - San Antonio 1
TOP OF THE 3RD
Westwood Sixshooters batting - Pitching for San Antonio BC : RHP Nate Randall
Batting: SHB José Tirado 0-0: Called Strike
0-1: Ball
1-1: Ground out 3-1 (Groundball, 34)
Batting: LHB Jorge Corella 0-0: Called Strike
0-1: Foul Ball, location: 2F
0-2: Strikes out swinging
Batting: RHB Mark Merry 0-0: Ball
1-0: Called Strike
1-1: Ball
2-1: Ground out 6-3 (Groundball, 56)
Top of the 3rd over - 0 runs, 0 hits, 0 errors, 0 left on base; Westwood 0 - San Antonio 1
BOTTOM OF THE 3RD
San Antonio BC batting - Pitching for Westwood Sixshooters : LHP Gilberto Blanca
Batting: RHB Tong-sik Im 0-0: Ball
1-0: Swinging Strike
1-1: Ground out 6-3 (Groundball, 6M)
Batting: RHB Ben Hampton 0-0: Ball
1-0: Swinging Strike
1-1: Ground out 6-3 (Groundball, 6)
Batting: RHB Alfonso Torres 0-0: Ball
1-0: Fly out, F7 (Flyball, 7)
Bottom of the 3rd over - 0 runs, 0 hits, 0 errors, 0 left on base; Westwood 0 - San Antonio 1
TOP OF THE 4TH
Westwood Sixshooters batting - Pitching for San Antonio BC : RHP Nate Randall
Batting: RHB Wallace Bane 0-0: Ball
1-0: Foul Ball, location: 2F
1-1: Ball
2-1: Reached on error, E1 (Groundball, 15)
Batting: RHB Shirai Yoshida 0-0: Ball
Wallace Bane steals 2nd base
1-0: Swinging Strike
1-1: SINGLE (Line Drive, 56D)
Wallace Bane to third
Runner from 3rd tries for Home, SAFE, no throw
Batting: RHB Simone Catalani 0-0: Called Strike
0-1: Ball
1-1: Foul Ball, location: 2F
1-2: Strikes out swinging
Batting: RHB Oki Hai 0-0: Ball
1-0: Ball
2-0: Foul Ball, location: 2F
2-1: Foul Ball, location: 2F
2-2: Grounds into double play, 4-6-3 (Groundball, 34)
Top of the 4th over - 1 run, 1 hit, 1 error, 0 left on base; Westwood 1 - San Antonio 1
BOTTOM OF THE 4TH
San Antonio BC batting - Pitching for Westwood Sixshooters : LHP Gilberto Blanca
Batting: LHB Sidney Dollarhide 0-0: Ball
1-0: Foul Ball, location: 2F
1-1: Ground out U3 (Groundball, 34D)
Batting: RHB Mike Howard 0-0: Called Strike
0-1: SINGLE (Groundball, 6D)
Batting: RHB Silverberry Mouhon 0-0: SINGLE (Groundball, 6M) (infield hit)
Mike Howard to second
Batting: RHB José Salinas 0-0: Called Strike
0-1: Ball
1-1: Foul Ball, location: 2F
1-2: Strikes out looking
Batting: RHB Chet Mathis 0-0: Called Strike
0-1: Ball
1-1: Ball
2-1: Foul Ball, location: 2F
2-2: 3-RUN HOME RUN (Flyball, 78XD), Distance : 427 ft
Batting: RHB Brodie Floyd 0-0: Swinging Strike
0-1: Ball
1-1: Foul Ball, location: 2F
1-2: Ball
2-2: Fly out, F7 (Flyball, 78M)
Bottom of the 4th over - 3 runs, 3 hits, 0 errors, 0 left on base; Westwood 1 - San Antonio 4
TOP OF THE 5TH
Westwood Sixshooters batting - Pitching for San Antonio BC : RHP Nate Randall
Batting: SHB Jin-yong Ch'oe 0-0: Ball
1-0: Called Strike
1-1: Foul Ball, location: 2F
1-2: Ball
2-2: Ball
3-2: Fly out, F7 (Flyball, 7)
Batting: RHB Cody Riddle 0-0: Ball
1-0: Called Strike
1-1: Called Strike
1-2: Ball
2-2: Strikes out swinging
Batting: SHB José Tirado 0-0: Foul Ball, location: 2F
0-1: Ball
1-1: Called Strike
1-2: Fly out, F8 (Flyball, 8LD)
Top of the 5th over - 0 runs, 0 hits, 0 errors, 0 left on base; Westwood 1 - San Antonio 4
BOTTOM OF THE 5TH
San Antonio BC batting - Pitching for Westwood Sixshooters : LHP Gilberto Blanca
Batting: RHB Tong-sik Im 0-0: Ball
1-0: Fly out, F8 (Flyball, 8LM)
Batting: RHB Ben Hampton 0-0: Ball
1-0: Called Strike
1-1: Ball
2-1: Fly out, F7 (Flyball, 78M)
Batting: RHB Alfonso Torres 0-0: Ball
1-0: Ball
2-0: SINGLE (Flyball, 7LM)
Batting: LHB Sidney Dollarhide 0-0: Ball
1-0: Ball
2-0: Ground out 4-3 (Groundball, 4)
Bottom of the 5th over - 0 runs, 1 hit, 0 errors, 1 left on base; Westwood 1 - San Antonio 4
TOP OF THE 6TH
Westwood Sixshooters batting - Pitching for San Antonio BC : RHP Nate Randall
Batting: LHB Jorge Corella 0-0: Called Strike
0-1: Ground out 6-3 (Groundball, 6M)
Batting: RHB Mark Merry 0-0: Called Strike
0-1: Called Strike
0-2: Ball
1-2: Ball
2-2: Strikes out swinging
Batting: RHB Wallace Bane 0-0: Called Strike
0-1: Foul Ball, location: 2F
0-2: SINGLE (Groundball, 56S) (infield hit)
Batting: RHB Shirai Yoshida 0-0: Ball
1-0: Ball
Throwing error on steal attempt, E2
Wallace Bane to third
2-0: Ground out 6-3 (Groundball, 6)
Top of the 6th over - 0 runs, 1 hit, 1 error, 1 left on base; Westwood 1 - San Antonio 4
BOTTOM OF THE 6TH
San Antonio BC batting - Pitching for Westwood Sixshooters : LHP Gilberto Blanca
Batting: RHB Mike Howard 0-0: Ball
1-0: Called Strike
1-1: Ball
2-1: Foul Ball, location: 2F
2-2: Strikes out looking
Batting: RHB Silverberry Mouhon 0-0: Ball
1-0: Foul Ball, location: 2F
1-1: Ball
2-1: Ball
3-1: Foul Ball, location: 2F
3-2: Ground out 6-3 (Groundball, 6M)
Batting: RHB José Salinas 0-0: Ball
1-0: Ball
2-0: Called Strike
2-1: Ball
3-1: Called Strike
3-2: Base on Balls
Batting: RHB Chet Mathis 0-0: Ball
1-0: Foul Ball, location: 2F
1-1: Ball
2-1: Ball
3-1: Foul Ball, location: 2F
3-2: SINGLE (Line Drive, 6MD)
José Salinas to second
José Salinas to third
Batting: RHB Brodie Floyd 0-0: Foul Ball, location: 2F
0-1: Swinging Strike
0-2: Ball
1-2: DOUBLE (Flyball, 89D)
José Salinas scores
Chet Mathis to third
Runner from 3rd tries for Home, SAFE, no throw
Pitching: RHP Brendan Haataja
Batting: RHB Tong-sik Im 0-0: Called Strike
0-1: Ball
1-1: Ball
2-1: Foul Ball, location: 2F
2-2: Ball
3-2: Foul Ball, location: 2F
3-2: Foul Ball, location: 2F
3-2: Foul Ball, location: 2F
3-2: Strikes out looking
Bottom of the 6th over - 2 runs, 2 hits, 0 errors, 1 left on base; Westwood 1 - San Antonio 6
TOP OF THE 7TH
Westwood Sixshooters batting - Pitching for San Antonio BC : RHP Nate Randall
Batting: RHB Simone Catalani 0-0: Called Strike
0-1: Foul Ball, location: 2F
0-2: Ball
1-2: SINGLE (Groundball, 6MD)
Batting: RHB Oki Hai 0-0: Called Strike
0-1: Ball
1-1: Ball
2-1: Ball
3-1: Foul Ball, location: 2F
3-2: Base on Balls
Simone Catalani to second
Batting: SHB Jin-yong Ch'oe 0-0: Ball
1-0: Swinging Strike
1-1: Foul Ball, location: 2F
1-2: Foul Ball, location: 2F
1-2: Strikes out swinging
Batting: RHB Cody Riddle 0-0: Called Strike
Simone Catalani steals 3rd base
Oki Hai to second
0-1: Ball
1-1: Foul Ball, location: 2F
1-2: Foul Ball, location: 2F
1-2: SINGLE (Line Drive, 9S)
Simone Catalani scores
Oki Hai to third
Batting: SHB José Tirado 0-0: Ball
1-0: Called Strike
1-1: Ball
2-1: DOUBLE (Flyball, 9LD)
Oki Hai scores
Cody Riddle to third
Batting: LHB Jorge Corella 0-0: Ball
1-0: Ball
2-0: Foul Ball, location: 2F
2-1: Fly out, F7 (Flyball, 7S)
Pitching: LHP Ken Borrego
Batting: RHB Mark Merry 0-0: Ball
1-0: SINGLE (Groundball, 6MD)
Cody Riddle scores
José Tirado to third
Runner from 3rd tries for Home, SAFE, throw made home
Batting: RHB Wallace Bane 0-0: Ball
1-0: Called Strike
1-1: Ball
2-1: Called Strike
2-2: DOUBLE (Flyball, 78D)
Mark Merry to third
Batting: RHB Shirai Yoshida 0-0: Called Strike
0-1: Ball
1-1: Ball
2-1: Ground out 5-3 (Groundball, 56)
Top of the 7th over - 4 runs, 5 hits, 0 errors, 2 left on base; Westwood 5 - San Antonio 6
BOTTOM OF THE 7TH
San Antonio BC batting - Pitching for Westwood Sixshooters : RHP Brendan Haataja
Batting: RHB Ben Hampton 0-0: Foul Ball, location: 2F
0-1: Ball
1-1: Ball
2-1: Called Strike
2-2: Strikes out swinging
Batting: RHB Alfonso Torres 0-0: Foul Ball, location: 2F
0-1: Ball
1-1: Ball
2-1: Foul Ball, location: 2F
2-2: Ground out 4-3 (Groundball, 4)
Batting: LHB Sidney Dollarhide 0-0: Ball
1-0: Ball
2-0: Ball
3-0: Foul Ball, location: 2F
3-1: Foul Ball, location: 2F
3-2: Base on Balls
Batting: RHB Mike Howard 0-0: Ball
1-0: Ball
2-0: Called Strike
2-1: Swinging Strike
2-2: Fly out, F7 (Flyball, 7S)
Bottom of the 7th over - 0 runs, 0 hits, 0 errors, 1 left on base; Westwood 5 - San Antonio 6
TOP OF THE 8TH
Westwood Sixshooters batting - Pitching for San Antonio BC : LHP Ken Borrego
Now at SS: Peter Ough
Batting: RHB Simone Catalani 0-0: Foul Ball, location: 2F
0-1: Ground out 5-3 (Groundball, 56)
Batting: RHB Oki Hai 0-0: Ball
1-0: Foul Ball, location: 2F
1-1: Swinging Strike
1-2: Strikes out swinging
Batting: SHB Jin-yong Ch'oe 0-0: Ball
1-0: Foul Ball, location: 2F
1-1: Fly out, F6 (Popup, 6S)
Top of the 8th over - 0 runs, 0 hits, 0 errors, 0 left on base; Westwood 5 - San Antonio 6
BOTTOM OF THE 8TH
San Antonio BC batting - Pitching for Westwood Sixshooters : RHP Brendan Haataja
Batting: RHB Silverberry Mouhon 0-0: DOUBLE (Line Drive, 7D)
Batting: RHB José Salinas 0-0: Swinging Strike
0-1: Ball
1-1: Swinging Strike
1-2: Strikes out swinging
Batting: RHB Chet Mathis 0-0: Intentional Walk
Pinch Runner at 2nd Tom Chagolla:
Batting: RHB Brodie Floyd 0-0: Ball
1-0: Ball
2-0: Called Strike
2-1: 3-RUN HOME RUN (Flyball, 78XD), Distance : 438 ft
Pitching: RHP Jin Kwon
Batting: RHB Tong-sik Im 0-0: Ball
1-0: Called Strike
1-1: Foul Ball, location: 2F
1-2: Ball
2-2: Strikes out swinging
Batting: LHB Peter Ough 0-0: Ball
1-0: Called Strike
1-1: Called Strike
1-2: Strikes out looking
Bottom of the 8th over - 3 runs, 2 hits, 0 errors, 0 left on base; Westwood 5 - San Antonio 9
TOP OF THE 9TH
Westwood Sixshooters batting - Pitching for San Antonio BC : LHP Ken Borrego
Batting: RHB Cody Riddle 0-0: Ball
1-0: Called Strike
1-1: Ball
2-1: Swinging Strike
2-2: Ground out 4-3 (Groundball, 4)
Batting: SHB José Tirado 0-0: Called Strike
0-1: Ball
1-1: Ball
2-1: Foul Ball, location: 2F
2-2: Foul Ball, location: 2F
2-2: Foul Ball, location: 2F
2-2: Ball
3-2: Foul Ball, location: 2F
3-2: Strikes out swinging
Batting: LHB Jorge Corella 0-0: Swinging Strike
0-1: Ball
1-1: Ball
2-1: Ball
3-1: Foul Ball, location: 2F
3-2: Base on Balls
Batting: RHB Mark Merry 0-0: Ball
1-0: Ball
2-0: Ball
3-0: Swinging Strike
3-1: Base on Balls
Jorge Corella to second
Pitching: RHP Shadi Zafar
Batting: RHB Wallace Bane 0-0: Ball
1-0: Foul Ball, location: 2F
1-1: Ground out 6-3 (Groundball, 6M)
Top of the 9th over - 0 runs, 0 hits, 0 errors, 2 left on base; Westwood 5 - San Antonio 9
Friday, March 29th, 2019 - OOTP Baseball 18.8 Build 76